 Dungeon Crawl Stone Soup version 0.29.0-11-gd7f09526c8 (webtiles) character file.

Game seed: 7745286155307824793

2731 hito the Zephyrmancer (level 9, -2/72 HPs)
             Began as a Vampire Air Elementalist on Sept 5, 2022.
             Was a Follower of Dithmenos.
             Killed by their own static electricity (3 damage)
             ... on level 7 of the Dungeon.
             The game lasted 00:22:18 (6216 turns).

hito the Zephyrmancer (Vampire Air Elementalist)    Turns: 6216, Time: 00:22:19

Health: -2/72      AC: 12    Str:  7    XL:     9   Next: 40%
Magic:  4/15       EV: 13    Int: 20    God:    Dithmenos [*.....]
Gold:   329        SH:  0    Dex: 16    Spells: 1/16 levels left

rFire   . . .      SeeInvis +   D - +1 rapier (protect)
rCold   . . .      Faith    .   (no shield)
rNeg    . . .      Spirit   .   E - +2 robe {Will+}
rPois   +          Reflect  .   (no helmet)
rElec   .          Harm     .   (no cloak)
rCorr   .          Rampage  .   t - +0 pair of gloves
Will    +....                   (no boots)
Stlth   +++.......              B - amulet of regeneration
HPRegen 1.22/turn               s - ring of poison resistance
MPRegen 0.14/turn               b - ring of flight

@: under a protective aura, flying, healing quickly, wreathed by umbra
A: alive, fangs 3, see invisible, vampiric 2
a: Exsanguinate, Renounce Religion


You were on level 7 of the Dungeon.
You worshipped Dithmenos.
Dithmenos was aware of your devotion.
You visited 2 branches of the dungeon, and saw 8 of its levels.
You also visited: Sewer.

You collected 329 gold pieces.

Inventory:

Hand Weapons
 f - a +3 short sword of protection
 z - the +7 shortbow "Liph" {vorpal, Will+ Stlth+}
   (You found it in a sewer)

   Any ammunition fired from it inflicts extra damage upon your enemies.
   Will:      It increases your willpower.
   Stlth:     It makes you more stealthy.
 D - a +1 rapier of protection (weapon)
 K - a +4 great sword
Missiles
 v - a throwing net
Armour
 m - a +0 ring mail of fire resistance
 t - a +0 pair of gloves (worn)
 E - a +2 robe of willpower (worn)
Jewellery
 b - a ring of flight (right hand)
 r - a ring of fire
 s - a ring of poison resistance (left hand)
 B - an amulet of regeneration (around neck)
 G - a ring of resist corrosion
Wands
 x - a wand of flame (8)
Scrolls
 a - a scroll of magic mapping {unknown}
 e - a scroll of immolation {unknown}
 h - a scroll of poison
 j - 2 scrolls of amnesia {unknown}
 l - a scroll of vulnerability
 n - a scroll of silence {unknown}
 p - a scroll of summoning {unknown}
 q - 3 scrolls of enchant weapon
 w - 3 scrolls of teleportation
 y - a scroll of acquirement {unknown}
 A - a scroll of blinking {unknown}
 H - a scroll of identify {unknown}
 I - a scroll of enchant armour {unknown}
Potions
 c - 2 potions of brilliance {unknown}
 d - 3 potions of curing {unknown}
 g - a potion of degeneration {unknown}
 i - 3 potions of heal wounds {unknown}
 k - a potion of magic
 o - a potion of might {unknown}
 u - 3 potions of mutation {unknown}
 C - a potion of flight {unknown}
 F - a potion of cancellation {unknown}
 J - a potion of ambrosia {unknown}


   Skills:
 - Level 7.0 Fighting
 + Level 3.8 Dodging
 - Level 3.0 Stealth
 - Level 4.0 Spellcasting
 + Level 3.2 Conjurations
 + Level 8.6 Air Magic


You had one spell level left.
You knew the following spells:

 Your Spells              Type           Power      Damage    Failure   Level
a - Shock                 Conj/Air       100%       1d9       1%          1
b - Static Discharge      Conj/Air       27%        3-7/arc   1%          2
c - Airstrike             Air            19%        2d(3-19)  3%          4
d - Swiftness             Air            38%        N/A       1%          3
e - Lightning Bolt        Conj/Air       13%        1d27      30%         5

Your spell library contained the following spells:

 Spells                   Type           Power      Damage    Failure   Level
 Sublimation of Blood     Necr           4%         N/A       19%         2
 Wereblood                Tmut           4%         N/A       19%         2
 Leda's Liquefaction      Hex/Erth       2%         N/A       77%         4
 Lee's Rapid Deconstruct  Erth           2%         3d5*      98%         5
 Statue Form              Tmut/Erth      2%         N/A       100%        6
 Summon Hydra             Summ           2%         N/A       100%        7
 Maxwell's Capacitive Co  Air            19%        ∞         100%        8


Dungeon Overview and Level Annotations

Branches:
Dungeon (7/15)             Temple (1/1) D:6           Sewer (visited)

Altars:
Ashenzari
Cheibriados
Dithmenos
Fedhas
Gozag
Makhleb
Nemelex Xobeh
Okawaru
Ru
Vehumet
Yredelemnul

Annotations:
D:7 Prince Ribbit


Innate Abilities, Weirdness & Mutations

Your natural rate of healing is accelerated.
You have razor-sharp teeth.
You have supernaturally acute eyesight. (SInv)
You are afflicted with vampirism and can become a bat while bloodless.


Message History

Unknown command.
Unknown command.
Fire: z) +7 shortbow "Liph" {vorpal, Will+ Stlth+}
Press: ? - help, Q - select action, (/) - cycle Shift-Dir - straight line, f - Prince Ribbit
Aim: Prince Ribbit (heavily wounded, 54% to hit)
You shoot an arrow. The arrow hits Prince Ribbit.
Prince Ribbit is heavily wounded.
Unknown command.
Fire: z) +7 shortbow "Liph" {vorpal, Will+ Stlth+}
Press: ? - help, Q - select action, (/) - cycle Shift-Dir - straight line, f/p - Prince Ribbit
Aim: Prince Ribbit (heavily wounded, 54% to hit)
You shoot an arrow. The arrow closely misses Prince Ribbit.
Prince Ribbit hits you.
Unknown command.
Fire: z) +7 shortbow "Liph" {vorpal, Will+ Stlth+}
Press: ? - help, Q - select action, (/) - cycle Shift-Dir - straight line, f/p - Prince Ribbit
Aim: Prince Ribbit (heavily wounded, umbra, 54% to hit)
You shoot an arrow. The arrow barely misses Prince Ribbit.
Prince Ribbit barely misses you. Prince Ribbit hits you!!
* * * LOW HITPOINT WARNING * * *
Your +1 rapier of protection hums with potential!
D - a +1 rapier of protection (weapon)
Prince Ribbit hits you!
* * * LOW HITPOINT WARNING * * *
You hit Prince Ribbit.
Your weapon exudes an aura of protection.
Your bite misses Prince Ribbit.
Prince Ribbit is severely wounded.
Prince Ribbit hits you.
* * * LOW HITPOINT WARNING * * *
Casting: Static Discharge (safe; 1% risk of failure)
Confirm with . or Enter, or press ? or * to list all spells.
Prince Ribbit is struck by an arc of lightning.
Prince Ribbit is severely wounded.
You are struck by an arc of lightning.
* * * LOW HITPOINT WARNING * * *
Prince Ribbit is struck by an arc of lightning.
Prince Ribbit is severely wounded.
You are struck by an arc of lightning.
You die...

#.# #.# ##
#.# . ...
#####.#.# #
......#.# .#
>......F###
.#
......)@..#
.#
......)##.#
### ...)...
#.# ..#
.......##.##
..#
......##...#
..# .....#
##.## ###
.!..#
##...## ...#
#.....#
##...##


You could see Prince Ribbit.

Vanquished Creatures
  Duvessa (D:6)
  A water moccasin (D:7)
  2 orc warriors (D:7)
  Pargi (Sewer)
  3 black bears
  2 centaurs
  3 phantoms
  A necrophage (D:4)
  2 bullfrogs
  2 kobold brigands
  4 scorpions
  5 wights (D:7)
  Dowan (D:6)
  A howler monkey (D:6)
  4 hounds
  A jelly (D:6)
  2 orc priests
  5 iguanas
  An orc wizard (D:5)
  Terence (D:3)
  8 gnolls
  9 adders
  An ufetubus (D:6)
  3 worms
  5 dart slugs
  20 orcs
  7 ball pythons
  3 bats
  7 endoplasms
  9 giant cockroaches
  11 goblins
  6 hobgoblins
  4 jackals (D:1)
  6 quokkas
  3 frilled lizards
  13 kobolds
  11 rats
  A spectral goblin (D:3)
170 creatures vanquished.

Notes
Turn   | Place    | Note
-------+----------+-------------------------------------------
     0 | D:1      | hito the Vampire Air Elementalist began the quest for the
                  | Orb.
     0 | D:1      | Reached XP level 1. HP: 13/13 MP: 3/3
   278 | D:1      | Reached skill level 1 in Fighting
   278 | D:1      | Reached XP level 2. HP: 21/21 MP: 1/5
   334 | D:1      | Learned a level 2 spell: Static Discharge
   652 | D:1      | Gained mutation: You are afflicted with vampirism and can
                  | become a bat while bloodless. [Vampire growth]
   652 | D:1      | Reached XP level 3. HP: 26/26 MP: 4/6
  1255 | D:2      | Reached skill level 1 in Conjurations
  1676 | D:2      | Reached skill level 4 in Air Magic
  1676 | D:2      | Reached XP level 4. HP: 29/29 MP: 7/7
  2176 | D:3      | Noticed Terence
  2213 | D:3      | Killed Terence
  2280 | D:3      | Learned a level 4 spell: Airstrike
  2476 | D:3      | Found a faded altar of an unknown god.
  2501 | D:3      | Reached XP level 5. HP: 25/35 MP: 3/8
  2776 | D:3      | Found a radiant altar of Vehumet.
  2969 | D:4      | Found a blossoming altar of Fedhas.
  3057 | D:4      | Reached XP level 6. HP: 40/47 MP: 2/10
  3126 | D:4      | Found a glowing drain.
  3145 | D:4      | Reached skill level 5 in Air Magic
  3231 | Sewer    | Entered a sewer
  3243 | Sewer    | Identified the +7 shortbow "Liph" {vorpal, Will+ Stlth+}
  3249 | Sewer    | Learned a level 3 spell: Swiftness
  3354 | Sewer    | Noticed Pargi
  3378 | Sewer    | Killed Pargi
  3570 | D:4      | Reached XP level 7. HP: 54/54 MP: 12/12
  3805 | D:4      | Reached skill level 6 in Air Magic
  3979 | D:5      | Entered Level 5 of the Dungeon
  4048 | D:5      | Reached skill level 5 in Fighting
  4159 | D:5      | Reached XP level 8. HP: 62/62 MP: 14/14
  4232 | D:5      | Reached skill level 7 in Air Magic
  4771 | D:6      | Learned a level 5 spell: Lightning Bolt
  4818 | D:6      | Noticed Dowan
  4820 | D:6      | Noticed Duvessa
  4945 | D:6      | Found a staircase to the Ecumenical Temple.
  4956 | Temple   | Entered the Ecumenical Temple
  4982 | Temple   | Became a worshipper of Dithmenos the Shadowed
  5020 | D:6      | Killed Dowan
  5021 | D:6      | Killed Duvessa
  5216 | D:6      | Reached skill level 8 in Air Magic
  5637 | D:7      | Reached XP level 9. HP: 67/71 MP: 15/15
  5699 | D:7      | Found a basalt altar of Yredelemnul.
  5748 | D:7      | Reached * piety under Dithmenos
  6204 | D:7      | Noticed Prince Ribbit
  6216 | D:7      | HP: 1/72 [/static electricity (4)]
  6216 | D:7      | Killed from afar by themself

Illustrated notes

Levels and vault maps discovered:
D:1:      minmay_arrival_jagged, layout_loops_ring, serial_glass,
          glass_columns_a, glass_columns_c
D:2:      wad_river_or_something, layout_loops_ring, hangedman_decor_points,
          kennysheep_pointless_box
D:3:      layout_rooms, vehumet_altar_wand_db,
          dreamdust_ecumenical_altar_drowned_temple, uniq_terence
D:4:      layout_rooms, fedhas_ov_isle_minmay, portal_sewer_entry_f
D:5:      layout_loops_ring
D:6:      layout_cave_pools, minmay_temple_entry_proselytizer, uniq_duvessa,
          uniq_eustachio
D:7:      layout_basic, lemuel_tele_altar, yredelemnul_altar_generic,
          nicolae_figureground_sparkle, uniq_prince_ribbit1
Temple:   regret_index_temple_sphere_string

Skill      XL: |  1  2  3  4  5  6  7  8  9 |
---------------+----------------------------+-----
Fighting       | 1 2 3 4 5 6 7 |  7.0
Conjurations   | 1 2 3 |  3.2
Air Magic      | 4 5 6 8 |  8.6
Spellcasting   | 3 4 |  4.0
Dodging        | 3 |  3.8
Stealth        | |  3.0

Action                   |  1- 3 |  4- 6 |  7- 9 || total
-------------------------+-------+-------+-------++-------
Melee: Unarmed           |    19 |       |       ||    19
       Short sword       |    66 |    69 |       ||   135
       Bite              |     7 |     5 |       ||    12
       Rapier            |       |       |     2 ||     2
 Fire: Shortbow          |       |    21 |   143 ||   164
 Cast: Shock             |    35 |    26 |     6 ||    67
       Static Discharge  |     6 |    29 |    44 ||    79
       Swiftness         |       |     1 |       ||     1
 Abil: Exsanguinate      |     1 |       |       ||     1
       Revivify          |     1 |       |       ||     1
Evoke: Wand              |       |       |     3 ||     3
  Use: Potion            |       |     1 |       ||     1
       Scroll            |       |       |     4 ||     4
 Stab: Sleeping          |     1 |     4 |       ||     5
Armor: Robe              |    32 |    25 |    12 ||    69
Dodge: Dodged            |    86 |    93 |    56 ||   235
